 Dungeon Crawl Stone Soup version 0.25-a0-110-ge29c8f2358 (webtiles) character file.

Game seed: 12002510280123635588, levelgen mode: deterministic

34 vurker the Skirmisher (level 3, -9/30 HPs)
             Began as a Formicid Abyssal Knight on Nov 19, 2019.
             Was a Believer of Lugonu.
             Killed from afar by Sigmund (10 damage)
             ... with a puff of flame
             ... on level 2 of the Dungeon.
             The game lasted 00:01:52 (1495 turns).

vurker the Skirmisher (Formicid Abyssal Knight)     Turns: 1495, Time: 00:01:53

Health: -9/30      AC:  3    Str: 17    XL:     3   Next: 50%
Magic:  5/5        EV: 11    Int: 11    God:    Lugonu [**....]
Gold:   130        SH:  0    Dex: 10    Spells: 2/2 levels left

rFire    . . .     SeeInvis +   a - +1 hand axe
rCold    . . .     Gourm    .   (no shield)
rNeg     . . .     Faith    .   b - +0 leather armour
rPois    .         Spirit   .   (helmet unavailable)
rElec    .         Reflect  .   (no cloak)
rCorr    .         Harm     .   (no gloves)
MR       .....                  (no boots)
Stlth    ..........             (no amulet)
HPRegen  0.10/turn              (no ring)
MPRegen  0.09/turn              (no ring)

@: confused
A: permanent stasis, dig shafts and tunnels, four strong arms, antennae 3
a: Dig, Shaft Self, Depart the Abyss, Bend Space, Renounce Religion


You were on level 2 of the Dungeon.
You worshipped Lugonu.
Lugonu was pleased with you.
You were not hungry.

You visited 1 branch of the dungeon, and saw 2 of its levels.
You visited the Abyss 1 time.

You collected 130 gold pieces.

Inventory:

Hand Weapons
 a - a +1 hand axe (weapon)
Armour
 b - a +0 leather armour (worn)
Scrolls
 c - 2 scrolls of identify
 d - a scroll of magic mapping {unknown}
 f - a scroll of fear {unknown}
 g - a scroll of teleportation {unknown}
 i - 2 scrolls of remove curse
 m - a scroll of enchant armour {unknown}
Potions
 h - a potion of magic {unknown}
 j - a potion of flight
 k - a potion of haste {unknown}
 l - a potion of heal wounds
Comestibles
 e - 3 rations


   Skills:
 + Level 3.6 Fighting
 * Level 2.9 Axes
 - Level 2.1 Armour
 - Level 0.8 Dodging
 + Level 2.8 Invocations


You had 2 spell levels left.
You didn't know any spells.
Your spell library was empty.

Dungeon Overview and Level Annotations

Branches:
Dungeon (2/15)

Altars:

Annotations:
D:2 Sigmund


Innate Abilities, Weirdness & Mutations

You cannot be hasted, slowed, berserked, paralysed or teleported.
You can dig through walls and to a lower floor.
Your four strong arms can wield two-handed weapons with a shield.
You have a pair of large antennae on your head. (SInv)


Message History

You see here a rat skeleton.
Eating a chunk of flesh.
You eat the chunk of flesh.
Sigmund the Dreaded comes into view.
He is wielding a +3 scythe of holy wrath.
Sigmund shouts!
Things that are here:
a +0 whip; a fizzy ruby potion; a kobold corpse You aren't carrying any items that you can evoke.
Sigmund gestures at you while chanting.
You are confused.
You're too confused to move!
You bump into the rock wall.
Sigmund casts a spell at you. You resist with some effort.
Sigmund hits you with a +3 scythe of holy wrath.
Found a leather armour.
Found a stone staircase leading down.
You feel less confused. Sigmund closely misses you.
You hit Sigmund.
Sigmund hits you with a +3 scythe of holy wrath!
* * * LOW HITPOINT WARNING * * *
You hit Sigmund but do no damage. Sigmund closely misses you.
You barely miss Sigmund. You barely miss Sigmund.
Sigmund gestures at you while chanting. The magic dart hits you!
* * * LOW HITPOINT WARNING * * *
You closely miss Sigmund.
Sigmund mumbles some strange words.
Sigmund flickers and vanishes for a moment.
Sigmund closely misses you.
You barely miss Sigmund. You barely miss Sigmund.
Sigmund hits you but does no damage.
You closely miss Sigmund. Sigmund casts a spell at you.
You resist with some effort.
You hit Sigmund but do no damage. Sigmund casts a spell at you.
You are confused.
Sigmund hits you from afar with a +3 scythe of holy wrath.
* * * LOW HITPOINT WARNING * * *
You're too confused to move!
Sigmund casts a spell at you. The puff of flame hits you.
* * * LOW HITPOINT WARNING * * *
Unknown command.
Sigmund casts a spell at you.
You are more confused.
Sigmund points at you and mumbles some strange words.
The puff of flame hits you!
You die...

#....##.#### #.....
#..#.......# #...# .
#..#.##<##.####...####.#
........#......[........
............รท.@........
####.##.#...)....?.....
# #.##.##.####...####. #
........# #...####.. #
##.####### #.@....... {
#...#####. # #...# #...#
##.## #.# ... ###


You could see Sigmund (invisible).

Vanquished Creatures
  A worm (D:2)
  A dart slug (D:1)
  A leopard gecko (D:1)
  A ball python (D:2)
  4 bats (D:1)
  A giant cockroach (D:1)
  3 goblins (D:1)
  5 hobgoblins (D:1)
  3 frilled lizards (D:1)
  3 kobolds
  3 rats
26 creatures vanquished.

Notes
Turn   | Place    | Note
-------+----------+-------------------------------------------
     0 | Abyss:1  | vurker the Formicid Abyssal Knight began the quest for the
                  | Orb.
     0 | Abyss:1  | Reached XP level 1. HP: 18/18 MP: 2/2
    11 | D:1      | Escaped the Abyss
   158 | D:1      | Reached XP level 2. HP: 24/24 MP: 3/3
   638 | D:1      | Reached ** piety under Lugonu
   711 | D:1      | Reached XP level 3. HP: 28/29 MP: 3/5
  1474 | D:2      | Noticed Sigmund
  1492 | D:2      | HP: 1/30 [Sigmund/puff of flame (5)]
  1495 | D:2      | Killed from afar by Sigmund

Levels and vault maps discovered:
D:1:      eino_arrival_cavern_e, layout_loops_corners
D:2:      layout_loops_cross, uniq_sigmund

Action                   || total
-------------------------++-------
Melee: Hand axe          ||    82
  Use: Scroll            ||     4
 Stab: Sleeping          ||     1
  Eat: Chunk             ||     2
Armor: Leather armour    ||    32
Dodge: Dodged            ||    48

Table legend:
 A = Non-vault XP
 B = Vault XP
 C = Vault XP percentage of total XP
 D = Non-vault monster count
 E = Vault monster count
 F = Vault count percentage of total count
                 A         B        C        D         E       F
            +---------+---------+-------+---------+---------+-------
      Total |      49 |       0 |   0.0 |      26 |       0 |   0.0
            +---------+---------+-------+---------+---------+-------
        D:1 |      39 |       0 |   0.0 |      22 |       0 |   0.0
        D:2 |      10 |       0 |   0.0 |       4 |       0 |   0.0
            +---------+---------+-------+---------+---------+-------
